 Dungeon Crawl Stone Soup version 0.29.0-4-gdea44cf6ec (webtiles) character file.

Game seed: 14172130628448633833

81 qw the Chopper (level 4, -4/25 (26) HPs)
             Began as a Tengu Warper on Aug 28, 2022.
             Slain by a gnoll
             ... wielding a +0 flail
              (5 damage)
             ... on level 2 of the Dungeon.
             The game lasted 00:00:11 (1868 turns).

qw the Chopper (Tengu Warper)                       Turns: 1868, Time: 00:00:11

HP:   -4/25 (26)    AC:  6    Str: 14    XL:     4   Next: 42%
MP:   8/8           EV: 11    Int: 13    God:
Gold: 54            SH:  0    Dex: 13    Spells: 7/7 levels left

rFire   . . .      SeeInvis .   Y - +0 hand axe
rCold   . . .      Faith    .   (no shield)
rNeg    . . .      Spirit   .   f - +0 ring mail
rPois   .          Reflect  .   (helmet restricted)
rElec   .          Harm     .   (no cloak)
rCorr   .          Rampage  .   k - +0 pair of gloves
Will    .....                   (boots unavailable)
Stlth   +.........              (no amulet)
HPRegen 0.08/turn               (no ring)
MPRegen 0.11/turn               (no ring)

@: lethally poisoned (-4 -> -8), about to teleport, lightly drained
A: beak, talons 3
a: no special abilities


You were on level 2 of the Dungeon.
You visited 1 branch of the dungeon, and saw 2 of its levels.

You collected 96 gold pieces.
You spent 42 gold pieces at shops.


Innate Abilities, Weirdness & Mutations

You have a beak for a mouth.
You have claws for feet.


   Skills:
 - Level 2.0 Fighting
 + Level 5.0 Axes
 - Level 1.0 Throwing
 - Level 1.1 Armour
 - Level 2.1 Dodging
 - Level 2.0 Spellcasting
 - Level 2.4 Translocations


You had 7 spell levels left.
You didn't know any spells.
Your spell library contained the following spells:

 Spells                   Type           Power      Damage    Failure   Level
 Blink                    Tloc           14%        N/A       30%         2
 Gell's Gravitas          Tloc           7%         N/A       52%         3
 Lesser Beckoning         Tloc           7%         N/A       52%         3
 Teleport Other           Tloc           7%         N/A       52%         3
 Manifold Assault         Tloc           7%         N/A       99%         5

Inventory:

Hand Weapons
 l - a +0 flail
 Y - a +0 hand axe (weapon)
Missiles
 d - 2 boomerangs (quivered)
Armour
 f - a +0 ring mail (worn)
 j - a +0 cloak
 k - a +0 pair of gloves (worn)
Jewellery
 e - a ring of ice
Scrolls
 a - 3 scrolls of identify
 b - a scroll of poison {unknown}
 h - 2 scrolls of teleportation
Potions
 c - 2 potions of curing {unknown}
 g - a potion of resistance
 i - a potion of brilliance {unknown}

Dungeon Overview and Level Annotations

Branches:
Dungeon (2/15)

Altars:

Shops:
D:1 *((?*


Message History

1846 ||| FLEEEEING.
1848 ||| FLEEEEING.
1849 ||| FLEEEEING.
1850 ||| FLEEEEING.
1851 ||| FLEEEEING.
1852 ||| FLEEEEING.
1853 ||| FLEEEEING.
1854 ||| FLEEEEING.
1855 ||| FLEEEEING.
1856 ||| FLEEEEING.
1857 ||| FLEEEEING.
1860 ||| FLEEEEING.
Throw: 2 boomerangs
Press: ? - help, Q - select action Shift-Dir - straight line, f - gnoll You throw a boomerang.
The boomerang barely misses the gnoll.
You hit the gnoll. You claw the gnoll.
The gnoll is moderately wounded.
The gnoll barely misses you.
You hit the gnoll. Your kick misses the gnoll.
You peck the gnoll, but do no damage.
The gnoll is severely wounded.
The gnoll hits you with a +0 flail of venom.
You are poisoned.
You hit the gnoll. You claw the gnoll.
You kill the gnoll!
You feel very sick.
Your Axes skill increases to level 5!
You barely miss the gnoll.
The gnoll is moderately wounded.
You feel sick. The gnoll hits you with a +0 flail!
1867 ||| READING 3 scrolls of teleportation.
As you read the scroll of teleportation, it crumbles to dust.
You feel strangely unstable.
You feel sick.
The gnoll shouts!
The gnoll closely misses you.
You slash the gnoll! Your peck misses the gnoll.
The gnoll is almost dead.
You feel sick. The gnoll hits you with a +0 flail.
You die...

#.#.....# #.#...g.#
###### #.......#####
#..... #.>.........#
#.#### #.......##..#
###...####g.########
## #...# #..........
... ##.## ##g########
.## #.# #@# #.# #.#
#.# #.# #.######<###
...........#### ####
>.#####.......# #..
##....##.# #.#
##...#)##.###.#####
#.................###


You could see 2 gnolls.

Vanquished Creatures
  A gnoll (D:2)
  3 adders (D:2)
  A worm (D:2)
  3 dart slugs
  An orc (D:2)
  3 ball pythons
  2 bats (D:1)
  2 endoplasms
  2 giant cockroaches (D:1)
  2 goblins
  2 hobgoblins (D:1)
  4 jackals (D:2)
  5 frilled lizards (D:1)
  A kobold (D:2)
  4 rats
36 creatures vanquished.

Notes
Turn   | Place    | Note
-------+----------+-------------------------------------------
     0 | D:1      | qw the Tengu Warper began the quest for the Orb.
     0 | D:1      | Reached XP level 1. HP: 12/12 MP: 4/4
     0 | D:1      | 0 ||| qw: Version: 0.1-a-89-g26bdef1
     0 | D:1      | 0 ||| qw: Game counter: 439
     0 | D:1      | 0 ||| qw: Always use a shield: true
     0 | D:1      | 0 ||| qw: God list: Okawaru
     0 | D:1      | 0 ||| qw: Allow faded altars: false
     0 | D:1      | 0 ||| qw: Do Orc after D:15 true
     0 | D:1      | 0 ||| qw: Do second Lair branch before Depths: true
     0 | D:1      | 0 ||| qw: Lair rune preference: random
     0 | D:1      | 0 ||| qw: Plans: Normal
     0 | D:1      | 0 ||| PLANNING D:1-11
    36 | D:1      | 36 ||| Stepping ~*~*~tactically~*~*~ (stealth).
    45 | D:1      | 45 ||| Stepping ~*~*~tactically~*~*~ (hiding).
   147 | D:1      | 147 ||| Stepping ~*~*~tactically~*~*~ (hiding).
   278 | D:1      | Found Ixausch's Magic Scroll Emporium.
   281 | D:1      | 281 ||| SHOPLISTING 3 scrolls of teleportation (117 gold,
                  | have 13).
   281 | D:1      | 281 ||| SHOPLISTING scroll of identify (26 gold, have 13).
   281 | D:1      | 281 ||| SHOPLISTING scroll of teleportation (39 gold, have
                  | 13).
   290 | D:1      | Found Vug Yme's Assorted Antiques.
   298 | D:1      | Reached skill level 3 in Axes
   298 | D:1      | Reached XP level 2. HP: 15/17 MP: 6/6
   356 | D:1      | 356 ||| SHOPLISTING emerald ring (110 gold, have 20).
   356 | D:1      | 356 ||| SHOPLISTING scroll labelled ECUM DUCKEIMN (22 gold,
                  | have 20).
   356 | D:1      | 356 ||| SHOPLISTING scroll labelled RAIWNE MAGHEONAA (22
                  | gold, have 20).
   356 | D:1      | 356 ||| SHOPLISTING scroll labelled SAENOLIAMU (22 gold,
                  | have 20).
   356 | D:1      | 356 ||| SHOPLISTING scroll labelled TEUTHAUTIA (22 gold,
                  | have 20).
   356 | D:1      | 356 ||| SHOPLISTING scroll labelled TONOYKHL LAULI (22
                  | gold, have 20).
   356 | D:1      | 356 ||| SHOPLISTING shiny pearl ring (110 gold, have 20).
   388 | D:1      | 388 ||| Stepping ~*~*~tactically~*~*~ (hiding).
   505 | D:1      | Found Tyomula's Antique Weapon Shop.
   516 | D:1      | 516 ||| SHOPLISTING flail (94 gold, have 32).
   516 | D:1      | 516 ||| SHOPLISTING runed mace (162 gold, have 32).
   542 | D:1      | 542 ||| Stepping ~*~*~tactically~*~*~ (stealth).
   544 | D:1      | 544 ||| Stepping ~*~*~tactically~*~*~ (stealth).
   545 | D:1      | 545 ||| Stepping ~*~*~tactically~*~*~ (stealth).
   549 | D:1      | Found Zashoth's Weapon Shop.
   552 | D:1      | 552 ||| Stepping ~*~*~tactically~*~*~ (stealth).
   556 | D:1      | 556 ||| Stepping ~*~*~tactically~*~*~ (stealth).
   573 | D:1      | 573 ||| BUYING +0 flail (42 gold).
   573 | D:1      | Bought a +0 flail for 42 gold pieces
   573 | D:1      | 573 ||| DROPPING +1 mace of draining.
   617 | D:1      | Reached XP level 3. HP: 21/21 MP: 7/7
   620 | D:1      | Found Ulupliarph's Assorted Antiques.
   629 | D:1      | 629 ||| SHOPLISTING scroll labelled ECUM DUCKEIMN (23 gold,
                  | have 14).
   629 | D:1      | 629 ||| SHOPLISTING scroll labelled SAENOLIAMU (23 gold,
                  | have 14).
   629 | D:1      | 629 ||| SHOPLISTING smoky dark potion (20 gold, have 14).
   629 | D:1      | 629 ||| SHOPLISTING white potion (20 gold, have 14).
   829 | D:1      | 829 ||| UPGRADING to +0 ring mail.
   839 | D:1      | 839 ||| DROPPING +0 leather armour.
   840 | D:1      | 840 ||| UPGRADING to +0 pair of gloves.
   845 | D:1      | 845 ||| DROPPING +6 ring of intelligence.
   846 | D:1      | 846 ||| READING scroll labelled DAYKYETZ ETRIB.
   847 | D:1      | 847 ||| READING scroll labelled UTHECE CIBBABA.
   848 | D:1      | 848 ||| READING 2 scrolls labelled TEUTHAUTIA.
   852 | D:1      | 852 ||| READING scroll labelled RAIWNE MAGHEONAA.
   853 | D:1      | 853 ||| READING 3 scrolls labelled TONOYKHL LAULI.
   854 | D:1      | 854 ||| DRINKING 2 murky green potions.
   855 | D:1      | 855 ||| DROPPING scroll of blinking.
   856 | D:1      | 856 ||| DROPPING 2 scrolls of magic mapping.
   907 | D:2      | Reached skill level 4 in Axes
  1345 | D:2      | Reached XP level 4. HP: 11/26 MP: 8/8
  1728 | D:2      | 1728 ||| Stepping ~*~*~tactically~*~*~ (hiding).
  1840 | D:2      | 1840 ||| Stepping ~*~*~tactically~*~*~ (stealth).
  1844 | D:2      | 1844 ||| Stepping ~*~*~tactically~*~*~ (stealth).
  1845 | D:2      | 1845 ||| FLEEEEING.
  1846 | D:2      | 1846 ||| FLEEEEING.
  1848 | D:2      | 1848 ||| FLEEEEING.
  1849 | D:2      | 1849 ||| FLEEEEING.
  1850 | D:2      | 1850 ||| FLEEEEING.
  1851 | D:2      | 1851 ||| FLEEEEING.
  1852 | D:2      | 1852 ||| FLEEEEING.
  1853 | D:2      | 1853 ||| FLEEEEING.
  1854 | D:2      | 1854 ||| FLEEEEING.
  1855 | D:2      | 1855 ||| FLEEEEING.
  1856 | D:2      | 1856 ||| FLEEEEING.
  1857 | D:2      | 1857 ||| FLEEEEING.
  1860 | D:2      | 1860 ||| FLEEEEING.
  1866 | D:2      | Reached skill level 5 in Axes
  1866 | D:2      | HP: 4/25 [gnoll/+0 flail (10)]
  1867 | D:2      | 1867 ||| READING 3 scrolls of teleportation.
  1868 | D:2      | HP: 1/25 [poisoned by a gnoll]
  1868 | D:2      | Slain by a gnoll

Levels and vault maps discovered:
D:1:      dpeg_arrival_round_b, layout_rooms, serial_shops,
          nicolae_shop_competitors_out_of_business,
          nicolae_shop_window_shopping, nicolae_shop_statue_plus, shop, shop
D:2:      layout_loops_ring

Skill      XL: |  1  2  3  4 |
---------------+-------------+-----
Axes           | 3 4 5 |  5.0
Fighting       | |  2.0
Throwing       | |  1.0
Armour         | |  1.1
Dodging        | |  2.1
Spellcasting   | |  2.0
Translocations | |  2.4

Action                   |  1- 3 |  4- 6 || total
-------------------------+-------+-------++-------
Melee: Hand axe          |    74 |    15 ||    89
       Kick              |    14 |     7 ||    21
       Peck              |     6 |     2 ||     8
Throw: Boomerang         |    18 |     8 ||    26
  Use: Scroll            |     5 |     1 ||     6
       Potion            |     1 |       ||     1
Armor: Leather armour    |    10 |       ||    10
       Ring mail         |    13 |     1 ||    14
Dodge: Dodged            |    37 |     5 ||    42

Table legend:
 A = Non-vault XP
 B = Vault XP
 C = Vault XP percentage of total XP
 D = Non-vault monster count
 E = Vault monster count
 F = Vault count percentage of total count
                 A         B        C        D         E       F
            +---------+---------+-------+---------+---------+-------
      Total |     117 |       0 |   0.0 |      36 |       0 |   0.0
            +---------+---------+-------+---------+---------+-------
        D:1 |      35 |       0 |   0.0 |      20 |       0 |   0.0
        D:2 |      82 |       0 |   0.0 |      16 |       0 |   0.0
            +---------+---------+-------+---------+---------+-------
